 Dungeon Crawl Stone Soup version bcrawl-1.13 (webtiles) character file.

Game seed: 13210321288387865843

80 Camlann the Cudgeler (level 4, -1/35 HPs)
             Began as a Demonspawn Archaeologist on July 27, 2019.
             Killed from afar by an orc wizard (9 damage)
             ... with a puff of flame
             ... on level 3 of the Dungeon.
             The game lasted 00:02:49 (2411 turns).

Camlann the Cudgeler (Demonspawn Archaeologist)     Turns: 2411, Time: 00:02:49

Health: -1/35      AC: 10    Str: 12    XL:     4   Next: 18%
Magic:  4/4        EV: 12    Int: 16    God:
Gold:   175        SH:  0    Dex: 11    Spells: 3/3 levels left

rFire    . . .     SeeInvis .   a - +0 whip
rCold    . . .     Gourm    .   j - +0 buckler (curse)
rNeg     . . .     Faith    .   b - +1 robe
rPois    .         Spirit   .   c - +1 hat
rElec    .         Reflect  .   (no cloak)
rCorr    .         Harm     .   (no gloves)
MR       .....                  d - +1 pair of boots
Stlth    +.........             (no amulet)
HPRegen  0.11/turn              (no ring)
MPRegen  0.09/turn              (no ring)

@: confused, hasted (expiring), studying Maces & Flails, very quick
A: talons 1, iridescent scales 2
a: no special abilities


You were on level 3 of the Dungeon.
You were not hungry.

You visited 1 branch of the dungeon, and saw 3 of its levels.

You collected 175 gold pieces.

Inventory:

Hand Weapons
 a - a +0 whip (weapon)
Armour
 b - a +1 robe (worn)
 c - a +1 hat (worn)
 d - a +1 pair of boots (worn)
 j - a cursed +0 buckler (worn)
Scrolls
 h - a scroll of enchant armour {unknown}
 i - 2 scrolls of fog {unknown}
 k - 3 scrolls of amnesia {unknown}
 l - a scroll of teleportation {unknown}
 n - 2 scrolls of identify {unknown}
 p - a scroll of remove curse {unknown}
Potions
 o - 2 potions of brilliance
Books
 e - a manual of Maces & Flails
Miscellaneous
 f - an ancient crate
Comestibles
 g - 3 rations {!d}


   Skills:
 - Level 3.0 Fighting
 + Level 3.6 Maces & Flails
 - Level 2.6 Dodging
 - Level 3.0 Stealth


You had 3 spell levels left.
You didn't know any spells.
Your spell library was empty.

Dungeon Overview and Level Annotations

Branches:
Dungeon (3/12)

Altars:


Innate Abilities, Weirdness & Mutations

You have sharp toenails.
You are mostly covered in iridescent scales. (AC +4)


Message History

You're too confused to move!
You hit the orc wizard but do no damage.
The orc wizard gestures at you while chanting.
The puff of flame hits you!
* * * LOW HITPOINT WARNING * * *
You bump into the rock wall.
The orc wizard casts a spell at you. The magic dart hits you!
* * * LOW HITPOINT WARNING * * *
You bump into the rock wall.
You bump into the rock wall.
The orc wizard hits you but does no damage.
You bump into the rock wall.
Your extra speed is starting to run out.
The orc wizard hits you but does no damage.
You bump into the rock wall.
You bump into the rock wall.
The orc wizard points at you and mumbles some strange words.
The puff of flame hits you!
You die...

..........#
..###...### #.#
..###...########.#
.................#
.............#
#.##
........####.# #$.
..####..# #.# #?#
..# #..## #.###.#
..# ##...###..)o@#
.## #.....##..####
.# ##...###...o.#
.# ##.## #....{.#
.# #.# #<$......#
.# #.# #.!....###
.# #.# #......##
## #.# #.#.#.##
#.###.#.#..


You could see an orc wizard.

Vanquished Creatures
  3 dart slugs (D:1)
  3 leopard geckos
  2 orcs (D:3)
  A ball python (D:2)
  5 giant cockroaches
  7 goblins
  7 hobgoblins
  6 jackals
  5 bats
  4 frilled lizards (D:1)
  12 kobolds
  8 rats
63 creatures vanquished.

Notes
Turn   | Place    | Note
-------+----------+-------------------------------------------
     0 | D:1      | Camlann the Demonspawn Archaeologist began the quest for
                  | the Orb.
     0 | D:1      | Reached XP level 1. HP: 15/15 MP: 1/1
   417 | D:1      | Gained mutation: You are partially covered in iridescent
                  | scales. (AC +2) [demonic ancestry]
   417 | D:1      | Reached XP level 2. HP: 19/22 MP: 2/2
   863 | D:1      | Gained mutation: You have sharp toenails. [demonic
                  | ancestry]
   863 | D:1      | Reached XP level 3. HP: 9/29 MP: 3/3
  1092 | D:1      | Reached skill level 1 in Maces & Flails
  1932 | D:2      | Gained mutation: You are mostly covered in iridescent
                  | scales. (AC +4) [demonic ancestry]
  1932 | D:2      | Reached XP level 4. HP: 35/35 MP: 4/4
  2411 | D:3      | Killed from afar by an orc wizard

Skill      XL: |  1  2  3 |
---------------+----------+-----
Fighting       | 2 3 |  3.0
Maces & Flails | 3 |  3.6
Dodging        | |  2.6
Stealth        | |  3.0

Action                   |  1- 3 |  4- 6 || total
-------------------------+-------+-------++-------
Melee: Whip              |   299 |    78 ||   377
  Use: Potion            |     2 |     2 ||     4
 Stab: Sleeping          |     3 |     3 ||     6
  Eat: Chunk             |     4 |     1 ||     5
Armor: Robe              |   166 |    16 ||   182
Dodge: Dodged            |   299 |    27 ||   326
Block: Buckler           |       |     6 ||     6
